[Event "Titled Tuesday Blitz February 01 A 2022"]
[White "Szpar, Milosz"]
[Black "Tari, Aryan"]
[WhiteFideId "1184989"]
[BlackFideId "1510045"]
[WhiteElo "2447"]
[BlackElo "2567"]
[Result "0-1"]
[Round "03"]
[TimeControl "180+1"]
[Date "2022.02.01"]
[WhiteClock "0:00:08"]
[BlackClock "0:00:23"]

1. e4 c6 2. d4 d5 3. exd5 cxd5 4. Bd3 Nf6 5. c3 Bg4 6. Qb3 Qc7 7. Bg5 Nc6 8. Nd2 e6 9. Ngf3 Bd6 10. h3 Bh5 11. O-O Bg6 12. Bxg6 hxg6 13. Rfe1 O-O 14. Nf1 Ne4 15. N1d2 f5 16. Rad1 a6 17. a3 b5 18. Nf1 Na5 19. Qc2 Nc4 20. Bc1 a5 21. Ng5 Rae8 22. Nxe4 fxe4 23. Ne3 a4 24. Ng4 Rf5 25. Rf1 Ref8 26. Rde1 Bf4 27. Qe2 Bxc1 28. Rxc1 Rf4 29. Rce1 Qf7 30. Ne3 Rh4 31. Nxc4 bxc4 32. f3 Qe7 33. fxe4 Rxe4 34. Rxf8+ Qxf8 35. Qf2 Qxf2+ 36. Kxf2 Rxe1 37. Kxe1 Kf7 38. Ke2 Kf6 39. Kf3 e5 40. dxe5+ Kxe5 41. Ke3 g5 42. g3 g4 43. hxg4 g5 44. Kf2 d4 45. cxd4+ Kxd4 46. Ke2 c3 47. bxc3+ Kxc3 48. Ke3 Kb3 49. Kd3 Kxa3 50. Kc3 Ka2 51. Kc2 a3 52. Kc1 Kb3 53. Kb1 Kc3 54. Ka2 Kd3 55. Kxa3 Ke3 56. Kb3 Kf3 57. Kc3 Kxg4 58. Kd3 Kxg3 0-1


[Site "https://www.chess.com"]

[Event "Titled Tuesday Blitz February 01 A 2022"]
[White "Terry, Renato"]
[Black "Tabatabaei, M. Amin"]
[WhiteFideId "3803457"]
[BlackFideId "12521213"]
[WhiteElo "2577"]
[BlackElo "2585"]
[Result "1-0"]
[Round "03"]
[TimeControl "180+1"]
[Date "2022.02.01"]
[WhiteClock "0:00:04"]
[BlackClock "0:00:02"]

1. d4 Nf6 2. Bg5 c5 3. Bxf6 exf6 4. dxc5 Bxc5 5. e3 Qb6 6. Qc1 d5 7. c3 Nc6 8. Nf3 O-O 9. Be2 Re8 10. b4 Bd6 11. O-O Bg4 12. Nbd2 Rac8 13. Qb2 Ne5 14. Rac1 Bf5 15. Nd4 Nd3 16. Bxd3 Bxd3 17. Rfd1 h5 18. Qb3 Red8 19. a3 Qa6 20. a4 Bb8 21. N2f3 Be4 22. Nd2 Qd6 23. Nf1 h4 24. h3 Qe5 25. f3 Bg6 26. Re1 a6 27. Rcd1 Rc4 28. e4 Rdc8 29. exd5 Qd6 30. Ne2 b5 31. axb5 axb5 32. Rd2 Re8 33. Red1 Bf5 34. Nd4 Bd7 35. Re2 Rec8 36. Rd3 Qxd5 37. Qd1 Rxc3 38. Rxc3 Rxc3 39. Rd2 Rc7 40. Nb3 Qf5 41. Kh1 Ba7 42. Nd4 Bxd4 43. Rxd4 Be6 44. Rxh4 Rc8 45. Rd4 g5 46. Ng3 Qe5 47. Ne4 Kg7 48. Nd6 Rh8 49. Rd2 Bxh3 50. gxh3 Rxh3+ 51. Kg1 Qg3+ 52. Rg2 Qxf3 53. Qxf3 Rxf3 54. Rd2 Rb3 55. Rd4 Kg6 56. Nxb5 f5 57. Nc7 f4 58. Nd5 Kf5 59. Kf2 Ke5 60. Rd2 g4 61. Ne7 f5 62. Nc6+ Ke4 63. Rd4# 1-0


[Site "https://www.chess.com"]

[Event "Titled Tuesday Blitz February 01 A 2022"]
[White "Vasquez Schroeder, Rodrigo"]
[Black "Karabalis, Harilos"]
[WhiteFideId "3400042"]
[BlackFideId "4621808"]
[WhiteElo "2568"]
[BlackElo "2168"]
[Result "1-0"]
[Round "03"]
[TimeControl "180+1"]
[Date "2022.02.01"]
[WhiteClock "0:02:42"]
[BlackClock "0:02:41"]

1. e4 d6 2. d4 Nf6 3. Nc3 Nbd7 4. Nf3 e5 5. Bc4 Be7 6. O-O O-O 7. Qe2 c6 8. Rd1 a6 9. dxe5 dxe5 10. Nxe5 Qc7 11. Nxd7 Bxd7 12. e5 Ne8 13. Rxd7 Qxd7 14. e6 1-0


[Site "https://www.chess.com"]

[Event "Titled Tuesday Blitz February 01 A 2022"]
[White "Wong, Yinn Long"]
[Black "Khumalo, Keith"]
[WhiteFideId "5707684"]
[BlackFideId "14319470"]
[WhiteElo "2055"]
[BlackElo "1992"]
[Result "1-0"]
[Round "03"]
[TimeControl "180+1"]
[Date "2022.02.01"]
[WhiteClock "0:00:11"]
[BlackClock "0:01:32"]

1. Nf3 c5 2. b3 Nc6 3. Bb2 a6 4. e3 d5 5. d4 Nf6 6. dxc5 e6 7. a3 Bxc5 8. c4 Be7 9. Nbd2 O-O 10. Be2 dxc4 11. Nxc4 b5 12. Nce5 Bb7 13. O-O Qb6 14. Nxc6 Bxc6 15. Bd4 Qb7 16. Qc2 Rac8 17. Qb2 Rfd8 18. Rac1 h6 19. h3 Be4 20. Rfd1 Ne8 21. Ne1 Bf6 22. Rxc8 Qxc8 23. Rc1 Qb7 24. Bxf6 Nxf6 25. f3 Bg6 26. Qc3 Nd5 27. Qc5 Qb8 28. Bd3 Bxd3 29. Nxd3 Qg3 30. Nf2 Qe5 31. e4 Qf4 32. exd5 Rxd5 33. Qc8+ Kh7 34. Qc2+ f5 35. Rd1 Re5 36. Nd3 Qd4+ 37. Qf2 Qd5 38. Nxe5 Qxd1+ 39. Kh2 Qxb3 40. Qc5 Qa4 41. Qb4 Qd1 42. Qc5 Qd2 43. Nc6 Qf4+ 44. Kg1 Qd2 45. Nb4 f4 46. Qf2 Qc1+ 47. Kh2 Qxa3 48. Qc2+ Kh8 49. Qc8+ Kh7 50. Qc2+ Kh8 51. Qe4 Qc1 52. Qa8+ Kh7 53. Nxa6 Qe1 54. Qe4+ Qxe4 55. fxe4 Kg6 56. Nc7 b4 57. Nxe6 b3 58. Nxf4+ Kf6 59. Nd3 b2 60. Nxb2 Ke5 61. Kg3 Kxe4 62. Nd1 g5 63. Nf2+ Kf5 64. Kf3 h5 65. g4+ Kg6 66. Ke4 Kf6 67. gxh5 Kg7 68. Kf5 Kh6 69. Kg4 Kg7 70. Kxg5 Kh7 71. Ng4 Kh8 72. Kg6 Kg8 73. Ne5 Kh8 74. h6 Kg8 75. h7+ Kh8 76. Nf7# 1-0


[Site "https://www.chess.com"]

[Event "Titled Tuesday Blitz February 01 A 2022"]
[White "Yuan, Qingyu"]
[Black "Bortnyk, Olexandr"]
[WhiteFideId "8609772"]
[BlackFideId "14120828"]
[WhiteElo "2359"]
[BlackElo "2723"]
[Result "0-1"]
[Round "03"]
[TimeControl "180+1"]
[Date "2022.02.01"]
[WhiteClock "0:00:04"]
[BlackClock "0:00:05"]

1. Nf3 Nf6 2. g3 d5 3. Bg2 Bf5 4. O-O e6 5. c4 c6 6. Qb3 Qb6 7. d3 Nbd7 8. cxd5 exd5 9. Qc2 Be7 10. Nc3 O-O 11. e4 dxe4 12. dxe4 Be6 13. Be3 Qa5 14. Nd4 Bc4 15. Rfd1 Ne5 16. h3 Rfd8 17. f4 Nd3 18. e5 Nb4 19. Qf2 Nfd5 20. Bd2 Bc5 21. Nxd5 Bxd5 22. a3 Bxd4 23. Qxd4 Bxg2 24. Bxb4 Rxd4 25. Bxa5 Rxd1+ 26. Rxd1 Bxh3 27. Kf2 b6 28. Bb4 Be6 29. Rd6 Rc8 30. Ke3 g6 31. Kf2 Kg7 32. Rd2 c5 33. Bc3 Kf8 34. Rd3 Ke7 35. Rd6 h5 36. Ke3 h4 37. gxh4 Rh8 38. Be1 Rc8 39. Bf2 Kf8 40. Be1 Kg7 41. Kf3 Kh6 42. Kg3 Kh5 43. Bd2 Rb8 44. Be1 Kh6 45. Bd2 Kg7 46. Bc3 Kf8 47. Bd2 Ke7 48. Kf3 Rh8 49. Kg3 Rb8 50. Be1 Rc8 51. Bd2 Ke8 52. Be1 Rb8 53. Bd2 Rb7 54. Be1 Rd7 55. Bc3 Ke7 56. Rd2 Rxd2 57. Bxd2 Kd7 58. Kf3 Kc6 59. Ke4 Kb5 60. Kd3 Kc6 61. Ke3 Kd5 62. Bc3 Kc4 63. Kd2 Kb3 64. Kd3 a5 65. Kd2 a4 66. Kc1 b5 67. Bd2 b4 68. Be3 bxa3 69. bxa3 c4 70. Bc5 c3 71. Bb4 Bf5 72. Kd1 Kb2 73. e6 c2+ 74. Ke2 c1=Q 0-1


[Site "https://www.chess.com"]

[Event "Titled Tuesday Blitz February 01 A 2022"]
[White "Andreikin, Dmitry"]
[Black "Aravindh, Chithambaram VR."]
[WhiteFideId "4158814"]
[BlackFideId "5072786"]
[WhiteElo "3030"]
[BlackElo "2861"]
[Result "1-0"]
[Round "04"]
[TimeControl "180+1"]
[Date "2022.02.01"]
[WhiteClock "0:00:39"]
[BlackClock "0:00:12"]

1. d4 e6 2. c4 f5 3. Nc3 Nf6 4. Bg5 Bb4 5. e3 h6 6. Bh4 b6 7. Ne2 Bb7 8. a3 Be7 9. Nf4 g5 10. Ng6 Rg8 11. Nxe7 Qxe7 12. Bg3 d6 13. c5 dxc5 14. dxc5 e5 15. Bc4 Rg7 16. cxb6 f4 17. bxc7 Qxc7 18. Nb5 Qc6 19. Rc1 Rd7 20. Qc2 Qe4 21. Be6 Qxg2 22. Qg6+ 1-0


[Site "https://www.chess.com"]

[Event "Titled Tuesday Blitz February 01 A 2022"]
[White "Arabidze, Meri"]
[Black "Salinas Herrera, Pablo"]
[WhiteFideId "13604040"]
[BlackFideId "3407128"]
[WhiteElo "2329"]
[BlackElo "2541"]
[Result "1/2-1/2"]
[Round "04"]
[TimeControl "180+1"]
[Date "2022.02.01"]
[WhiteClock "0:00:35"]
[BlackClock "0:00:07"]

1. Nf3 d5 2. d4 Nf6 3. g3 Bf5 4. c4 c6 5. Bg2 e6 6. O-O h6 7. b3 Be7 8. Bb2 O-O 9. Nc3 a5 10. e3 Nbd7 11. Qe2 Re8 12. Nd2 Qb6 13. Na4 Qa6 14. e4 dxe4 15. Nxe4 Nxe4 16. Bxe4 Bxe4 17. Qxe4 b5 18. cxb5 cxb5 19. Nc3 Nf6 20. Qe2 b4 21. Qxa6 Rxa6 22. Na4 Rc6 23. Rac1 Rec8 24. Rxc6 Rxc6 25. Rc1 Rxc1+ 26. Bxc1 Nd5 27. Kf1 f5 28. Ke2 Kf7 29. Kd3 g5 30. Kc4 Bd8 31. Kb5 Ke7 32. a3 bxa3 33. Bxa3+ Kf6 34. Bc1 e5 35. dxe5+ Kxe5 36. Bd2 Ke4 37. Nc3+ Nxc3+ 38. Bxc3 Kf3 39. Bxa5 Bxa5 40. Kxa5 Kxf2 41. b4 f4 42. gxf4 gxf4 43. b5 f3 44. b6 Kg1 45. b7 f2 46. b8=Q f1=Q 47. Qb6+ Kxh2 48. Qxh6+ Kg2 49. Qg6+ Kf2 50. Qf6+ Kg1 51. Qxf1+ Kxf1 1/2-1/2


[Site "https://www.chess.com"]

[Event "Titled Tuesday Blitz February 01 A 2022"]
[White "Babazada, Khazar"]
[Black "Wong, Yinn Long"]
[WhiteFideId "13413554"]
[BlackFideId "5707684"]
[WhiteElo "2961"]
[BlackElo "2847"]
[Result "0-1"]
[Round "04"]
[TimeControl "180+1"]
[Date "2022.02.01"]
[WhiteClock "0:02:00"]
[BlackClock "0:01:25"]

1. e4 c5 2. Nf3 g6 3. d4 cxd4 4. Nxd4 Nc6 5. c4 Nf6 6. Be3 Nxe4 7. Be2 Qa5+ 8. Nd2 Bg7 9. Nb3 Qe5 10. Nxe4 Qxe4 11. O-O O-O 12. Nc5 Qe5 13. Nxd7 Bxd7 14. Qxd7 Qxb2 15. Rab1 Qxe2 0-1


[Site "https://www.chess.com"]

[Event "Titled Tuesday Blitz February 01 A 2022"]
[White "Bashirli, Nail"]
[Black "Willow, Jonah B"]
[WhiteFideId "13406809"]
[BlackFideId "438804"]
[WhiteElo "2333"]
[BlackElo "2261"]
[Result "1-0"]
[Round "04"]
[TimeControl "180+1"]
[Date "2022.02.01"]
[WhiteClock "0:00:25"]
[BlackClock "0:00:05"]

1. e4 c5 2. Nc3 Nc6 3. Bb5 Nd4 4. Nge2 e6 5. O-O a6 6. Bd3 Nc6 7. f4 d6 8. Ng3 Nf6 9. Be2 Be7 10. d3 b5 11. Be3 Bb7 12. Qe1 b4 13. Nd1 a5 14. Nf2 Nd4 15. Bd1 Qc7 16. c3 bxc3 17. bxc3 Nc6 18. f5 e5 19. Ng4 Ba6 20. c4 Nd4 21. Nxf6+ Bxf6 22. Nh5 Bc8 23. Qg3 Kf8 24. Rb1 h6 25. Nxg7 Rg8 26. Ne6+ Bxe6 27. Bxh6+ Ke7 28. Qe1 Bd7 29. Be3 Rg7 30. g4 Rag8 31. h3 Rb8 32. Rxb8 Qxb8 33. Qd2 Qg8 34. Kh2 Ke8 35. Rg1 Bg5 36. Bxg5 Rxg5 37. Qxa5 Ke7 38. Qd2 f6 39. Qf2 Rg7 40. h4 Qh7 41. Kh3 Qh6 42. Bb3 Bc6 43. Rg3 Bd7 44. Qe3 Qh7 45. g5 Qg8 46. g6 Qh8 47. Bd1 Bxf5+ 48. exf5 Nxf5 49. Qe4 Nxg3 50. Kxg3 Qh6 51. h5 Qd2 52. Qb7+ Kf8 53. Qc8+ Ke7 54. Qc7+ Ke8 55. Qc8+ Ke7 56. Bf3 Qf4+ 57. Kg2 Qd2+ 58. Kh3 f5 59. Qxf5 Qf4 60. Qxf4 exf4 61. Kg4 Kf6 62. Kxf4 Ra7 63. Be4 Rxa2 64. h6 Rh2 65. g7 Rh4+ 66. Kg3 Rh1 67. g8=Q Rg1+ 68. Bg2 1-0


[Site "https://www.chess.com"]

[Event "Titled Tuesday Blitz February 01 A 2022"]
[White "Beerdsen, Thomas"]
[Black "Shirov, Alexei"]
[WhiteFideId "1030108"]
[BlackFideId "2209390"]
[WhiteElo "2647"]
[BlackElo "2878"]
[Result "0-1"]
[Round "04"]
[TimeControl "180+1"]
[Date "2022.02.01"]
[WhiteClock "0:00:05"]
[BlackClock "0:00:39"]

1. e4 e5 2. Nf3 Nc6 3. d4 exd4 4. Bc4 Nf6 5. O-O Bc5 6. e5 d5 7. exf6 dxc4 8. b4 Bxb4 9. fxg7 Rg8 10. Bg5 f6 11. Bh6 Qd5 12. c3 Bd6 13. Re1+ Kf7 14. Ng5+ Kg6 15. Ne4 Kxh6 16. Nxf6 Qg5 17. Nxg8+ Kxg7 18. Nd2 Bg4 19. f3 Bh3 20. Qe2 d3 21. Ne4 Qe5 22. Qf1 Qxh2+ 23. Kf2 Rxg8 24. Nxd6 cxd6 25. Re4 Kh8 26. Ke3 Rxg2 27. Rxc4 Re2+ 28. Kxd3 Bxf1 0-1


[Site "https://www.chess.com"]

[Event "Titled Tuesday Blitz February 01 A 2022"]
[White "Boros, Denes"]
[Black "Garriga Cazorla, Pere"]
[WhiteFideId "722340"]
[BlackFideId "32011601"]
[WhiteElo "2464"]
[BlackElo "2458"]
[Result "0-1"]
[Round "04"]
[TimeControl "180+1"]
[Date "2022.02.01"]
[WhiteClock "0:00:11"]
[BlackClock "0:00:11"]

1. Nf3 c5 2. e4 d6 3. Bc4 Nf6 4. Nc3 a6 5. d4 cxd4 6. Qxd4 Nc6 7. Qd3 e6 8. Bf4 b5 9. Bb3 Qc7 10. O-O-O Nd7 11. Bxd6 Bxd6 12. Qxd6 Qxd6 13. Rxd6 Bb7 14. Ng5 Nc5 15. f3 h6 16. Nh3 Ke7 17. Rhd1 g5 18. Nf2 Rhd8 19. Rxd8 Nxd8 20. h4 Nc6 21. h5 Ne5 22. a3 Rg8 23. Ba2 g4 24. b4 Ncd7 25. f4 g3 26. Nd3 Ng4 27. Kd2 Ndf6 28. Nc5 Bc6 29. Rf1 Nxh5 30. Nxa6 Nh2 31. Rg1 Nxf4 32. Nc7 Ng4 33. Bb3 Rd8+ 34. Kc1 Rd7 35. Na6 Nf2 36. Nb8 Rc7 37. Kb2 Bb7 38. Nxb5 Rc8 39. Nd7 Kxd7 40. a4 Bxe4 41. Nc3 Rxc3 42. a5 Rc8 43. b5 Bxg2 44. c4 h5 45. b6 h4 46. Ba4+ Bc6 47. b7 Rb8 48. a6 Kc7 49. Ka3 Bxa4 50. Kxa4 Rxb7 51. axb7 Kxb7 52. Kb5 N2d3 53. c5 Nxc5 54. Kxc5 g2 55. Kd4 h3 56. Ke3 h2 57. Rb1+ Kc7 0-1


[Site "https://www.chess.com"]

[Event "Titled Tuesday Blitz February 01 A 2022"]
[White "Bortnyk, Olexandr"]
[Black "Hayrapetyan, Hovik"]
[WhiteFideId "14120828"]
[BlackFideId "13302639"]
[WhiteElo "2883"]
[BlackElo "2812"]
[Result "1-0"]
[Round "04"]
[TimeControl "180+1"]
[Date "2022.02.01"]
[WhiteClock "0:01:12"]
[BlackClock "0:00:56"]

1. e4 g6 2. d4 Bg7 3. Nf3 d6 4. Bc4 Nf6 5. Qe2 c6 6. e5 dxe5 7. dxe5 Nd5 8. h3 O-O 9. O-O Nb6 10. Bb3 c5 11. e6 f5 12. c3 Qc7 13. Na3 Nc6 14. Nb5 Qb8 15. g3 f4 16. Bxf4 Rxf4 17. gxf4 a6 18. Na3 Qxf4 19. Rfe1 Qf5 20. Kg2 Nd5 21. Bxd5 Qxd5 22. Nc4 Rb8 23. Rad1 Qh5 24. Nb6 Bf6 25. Qe4 c4 26. Rd5 Qh6 27. Qxc4 Kg7 28. Qe4 1-0


[Site "https://www.chess.com"]

[Event "Titled Tuesday Blitz February 01 A 2022"]
[White "Caruana, Fabiano"]
[Black "Nitin, S."]
[WhiteFideId "2020009"]
[BlackFideId "5018277"]
[WhiteElo "2988"]
[BlackElo "2674"]
[Result "1-0"]
[Round "04"]
[TimeControl "180+1"]
[Date "2022.02.01"]
[WhiteClock "0:00:20"]
[BlackClock "0:00:05"]

1. c4 g6 2. Nc3 Bg7 3. d4 Nf6 4. e4 d6 5. Nge2 O-O 6. h3 e5 7. d5 c6 8. g4 Na6 9. Ng3 cxd5 10. cxd5 Nc5 11. Be3 Bd7 12. b4 Na6 13. a3 Nc7 14. Be2 b5 15. h4 Qc8 16. g5 Ng4 17. Bd2 f5 18. f3 f4 19. Nf1 Ne3 20. Nxe3 fxe3 21. Bxe3 a5 22. Kf2 axb4 23. axb4 Na6 24. Qb3 Bg4 25. Kg3 Bh5 26. Nxb5 Qd7 27. Rhf1 Rf4 28. Nc3 Raf8 29. Bxf4 exf4+ 30. Kg2 Nb8 31. Nb5 h6 32. Ra7 Qd8 33. Nc7 Qe7 34. Qa3 Bd4 35. Rb7 hxg5 36. Qd3 Be3 37. Qb5 gxh4 38. Ne6 Qf6 39. Rxb8 Rxb8 40. Qxb8+ Kh7 41. Qc7+ Kh6 42. Qd8 Qe5 43. Qf8+ Kh7 44. Ra1 Qxa1 45. Ng5# 1-0


[Site "https://www.chess.com"]

[Event "Titled Tuesday Blitz February 01 A 2022"]
[White "Corrales Jimenez, Fidel"]
[Black "Jobava, Baadur"]
[WhiteFideId "3506690"]
[BlackFideId "13601520"]
[WhiteElo "2837"]
[BlackElo "2944"]
[Result "0-1"]
[Round "04"]
[TimeControl "180+1"]
[Date "2022.02.01"]
[WhiteClock "0:00:30"]
[BlackClock "0:01:30"]

1. d4 d5 2. c4 c6 3. Nf3 Nf6 4. Nc3 dxc4 5. g3 Bf5 6. Bg2 e6 7. Ne5 Nbd7 8. Nxc4 h6 9. O-O Bh7 10. a4 a5 11. e4 Bb4 12. Qe2 O-O 13. Rd1 Nb6 14. Ne5 Qe7 15. g4 Nfd7 16. Nf3 Rad8 17. g5 hxg5 18. Nxg5 Bg6 19. Qg4 Nf6 20. Qh4 Nh7 21. Qg3 Nxg5 22. Bxg5 f6 23. Be3 Bh5 24. Bf3 Bxf3 25. Qxf3 Nc4 26. Bc1 f5 27. e5 c5 28. d5 Nxe5 29. Qg3 Nf7 30. Bf4 e5 31. Re1 exf4 32. Qxf4 Qg5+ 33. Qxg5 Nxg5 0-1


[Site "https://www.chess.com"]

[Event "Titled Tuesday Blitz February 01 A 2022"]
[White "Cunjalo, Faris"]
[Black "Madaminov, Mukhiddin"]
[WhiteFideId "14410710"]
[BlackFideId "14210703"]
[WhiteElo "2263"]
[BlackElo "1916"]
[Result "0-1"]
[Round "04"]
[TimeControl "180+1"]
[Date "2022.02.01"]
[WhiteClock "0:00:03"]
[BlackClock "0:00:18"]

1. d4 Nf6 2. c4 e6 3. Nc3 Bb4 4. e3 d5 5. a3 Bxc3+ 6. bxc3 O-O 7. cxd5 exd5 8. Bd3 c5 9. Ne2 Re8 10. O-O Nc6 11. f3 b6 12. Ng3 Bb7 13. Ra2 Rc8 14. Re2 Rc7 15. Bb2 h5 16. Rfe1 Bc8 17. Nh1 Rce7 18. Nf2 Qd6 19. a4 Bd7 20. Kh1 h4 21. Ba3 Nh5 22. Kg1 Na5 23. Qd2 Bxa4 24. Rb1 Bb3 25. Rbe1 Bc4 26. Qc2 Bxd3 27. Nxd3 Nc4 28. dxc5 Qc6 29. Qa2 Rxe3 30. Rxe3 Rxe3 31. Rxe3 Nxe3 32. Qe2 Nc4 33. Bb4 a5 34. cxb6 axb4 0-1


[Site "https://www.chess.com"]

[Event "Titled Tuesday Blitz February 01 A 2022"]
[White "Deac, Bogdan-Daniel"]
[Black "Indjic, Aleksandar"]
[WhiteFideId "1226380"]
[BlackFideId "911925"]
[WhiteElo "3046"]
[BlackElo "2865"]
[Result "1-0"]
[Round "04"]
[TimeControl "180+1"]
[Date "2022.02.01"]
[WhiteClock "0:00:39"]
[BlackClock "0:01:32"]

1. e4 e5 2. Nf3 Nf6 3. Nxe5 d6 4. Nf3 Nxe4 5. d4 d5 6. Bd3 Bd6 7. O-O O-O 8. c4 c6 9. Re1 h6 10. Bxe4 dxe4 11. Rxe4 Bf5 12. Re1 Nd7 13. Nc3 Nf6 14. Ne5 Nd7 15. Bf4 Nxe5 16. Bxe5 Bxe5 17. Rxe5 Bg6 18. Qd2 Qb6 19. d5 Rad8 20. b3 Kh7 21. Rae1 cxd5 22. Nxd5 Qa6 23. h4 h5 24. Qe2 f6 25. Rxh5+ Kg8 26. Ne7+ 1-0


[Site "https://www.chess.com"]

[Event "Titled Tuesday Blitz February 01 A 2022"]
[White "Demchenko, Anton"]
[Black "Wieczorek, Oskar"]
[WhiteFideId "4160258"]
[BlackFideId "1133950"]
[WhiteElo "2899"]
[BlackElo "2673"]
[Result "1-0"]
[Round "04"]
[TimeControl "180+1"]
[Date "2022.02.01"]
[WhiteClock "0:00:26"]
[BlackClock "0:00:06"]

1. e4 c5 2. Nf3 g6 3. c3 d5 4. exd5 Qxd5 5. Na3 Nf6 6. d4 Bg7 7. Bc4 Qe4+ 8. Be3 O-O 9. O-O cxd4 10. Nxd4 a6 11. Re1 Qe5 12. Qd2 b5 13. Bf1 Ne4 14. Qc1 Bb7 15. f3 Nf6 16. Nac2 Qc7 17. Bf4 Qb6 18. Bh6 Nc6 19. Bxg7 Kxg7 20. Qe3 Nxd4 21. Nxd4 Nd5 22. Qf2 Rac8 23. a4 Rc5 24. axb5 axb5 25. Rac1 e6 26. b4 Rcc8 27. Nxb5 Ba6 28. Qxb6 Nxb6 29. Nd6 Rcd8 30. Nxf7 Bxf1 31. Nxd8 1-0


[Site "https://www.chess.com"]

[Event "Titled Tuesday Blitz February 01 A 2022"]
[White "Dobrov, Vladimir"]
[Black "Jones, Gawain C B"]
[WhiteFideId "4136594"]
[BlackFideId "409561"]
[WhiteElo "2814"]
[BlackElo "2899"]
[Result "0-1"]
[Round "04"]
[TimeControl "180+1"]
[Date "2022.02.01"]
[WhiteClock "0:00:04"]
[BlackClock "0:00:03"]

1. d4 Nf6 2. c4 g6 3. Nc3 Bg7 4. e4 d6 5. Be2 O-O 6. Nf3 Nbd7 7. O-O e5 8. Re1 c6 9. Bf1 a6 10. d5 c5 11. g3 Kh8 12. a3 Ng8 13. b4 b6 14. Rb1 Bh6 15. bxc5 bxc5 16. Qa4 Qe7 17. Qc6 Ra7 18. Bb2 Ndf6 19. Ba1 Rc7 20. Qa4 Bg4 21. Bg2 Nh5 22. Qxa6 Ra7 23. Qb6 Rxa3 24. Rb3 Rxb3 25. Qxb3 f5 26. exf5 gxf5 27. Nb5 Bg7 28. Nd2 Nhf6 29. f3 Bh5 30. Bh3 Bg6 31. f4 e4 32. Nf1 h5 33. Ne3 Ng4 34. Bxg4 hxg4 35. Qa3 Nf6 36. Qa6 Ne8 37. Kg2 Bxa1 38. Rxa1 Qf6 39. Qa3 Kg8 40. Qc3 Qxc3 41. Nxc3 Rf7 42. Ra8 Rb7 43. Nb5 Kg7 44. h3 gxh3+ 45. Kxh3 Rb6 46. Kh4 Nf6 47. Ra7+ Kh6 48. Re7 Ra6 49. Re6 Kg7 50. Rxd6 Ra3 51. Nc2 Ra2 52. Nba3 e3 53. Re6 Ne4 54. d6 e2 55. d7 e1=Q 0-1


[Site "https://www.chess.com"]

[Event "Titled Tuesday Blitz February 01 A 2022"]
[White "Durarbayli, Vasif"]
[Black "Abdrlauf, Elham"]
[WhiteFideId "13402935"]
[BlackFideId "1533533"]
[WhiteElo "2840"]
[BlackElo "2951"]
[Result "0-1"]
[Round "04"]
[TimeControl "180+1"]
[Date "2022.02.01"]
[WhiteClock "0:00:01"]
[BlackClock "0:00:04"]

1. e4 c6 2. d4 d5 3. exd5 cxd5 4. c4 Nf6 5. Nc3 g6 6. cxd5 Bg7 7. Bb5+ Nbd7 8. d6 O-O 9. dxe7 Qxe7+ 10. Nge2 a6 11. Bd3 b5 12. O-O Bb7 13. a3 Nb6 14. Bg5 Qd7 15. Qd2 Nbd5 16. Bxf6 Bxf6 17. Ne4 Be7 18. Rac1 Rac8 19. Rxc8 Rxc8 20. Rc1 Rd8 21. Nc5 Bxc5 22. Rxc5 Ne7 23. h3 Nc6 24. Qh6 Nxd4 25. Nf4 Ne6 26. Nh5 Qe7 27. Rc3 Qg5 28. Qxg5 Nxg5 29. Nf6+ Kg7 30. Ng4 Ne6 31. Ne3 Rd7 32. Kf1 Nf4 33. Bc2 Nd5 34. Nxd5 Bxd5 35. Bd3 Rd6 36. h4 h5 37. g3 Rb6 38. Rc5 Rd6 39. Ke2 Be6 40. Ke3 Kf6 41. Be4 Ke7 42. Rc7+ Kf6 43. Ra7 Bd7 44. Bb7 Re6+ 45. Kd2 Rd6+ 46. Ke3 Re6+ 47. Kd3 Rd6+ 48. Kc3 Be6 49. Rxa6 Rd1 50. Bc8 Rc1+ 51. Kb4 Rxc8 52. Kxb5 Rc2 53. b4 Rxf2 54. a4 Rf5+ 55. Kc6 Rf1 56. b5 Rc1+ 57. Kb7 Ke5 58. Ra8 Bd5+ 0-1


[Site "https://www.chess.com"]

[Event "Titled Tuesday Blitz February 01 A 2022"]
[White "Erigaisi Arjun"]
[Black "Maevsky, Nikolay"]
[WhiteFideId "35009192"]
[BlackFideId "4198220"]
[WhiteElo "2853"]
[BlackElo "2602"]
[Result "0-1"]
[Round "04"]
[TimeControl "180+1"]
[Date "2022.02.01"]
[WhiteClock "0:00:37"]
[BlackClock "0:00:15"]

1. e4 c6 2. d4 d5 3. Nd2 dxe4 4. Nxe4 Bf5 5. Ng3 Bg6 6. Nh3 Nf6 7. Nf4 e5 8. Nxg6 hxg6 9. Be3 exd4 10. Qxd4 Qxd4 11. Bxd4 Nbd7 12. O-O-O Bc5 13. Re1+ Kf8 14. Bxc5+ Nxc5 15. Bc4 Rh4 16. b3 Ng4 17. f3 Nxh2 18. Rd1 b5 19. Be2 a5 20. Rd6 Rc8 21. Rhd1 Ke7 22. a3 Rc7 23. R6d4 Rh8 24. Rh1 Rh6 25. Kd2 f5 26. Kc3 Ne6 27. Rdd1 Nf4 28. Rhg1 Nd5+ 29. Kb2 Nf4 30. Rd4 Nxe2 31. Nxe2 Rd7 32. Kc3 c5 33. Rxd7+ Kxd7 34. Kd3 g5 35. Ke3 Re6+ 36. Kf2 g4 37. Rh1 Rh6 38. Rd1+ Kc6 39. Rh1 gxf3 40. gxf3 Ng4+ 41. Kg2 Ne3+ 42. Kg1 Rxh1+ 43. Kxh1 Nxc2 44. a4 bxa4 45. bxa4 Nd4 46. Ng1 c4 0-1


[Site "https://www.chess.com"]

[Event "Titled Tuesday Blitz February 01 A 2022"]
[White "Khachiyan, Melikset"]
[Black "Savchenko, Boris"]
[WhiteFideId "13300512"]
[BlackFideId "4147332"]
[WhiteElo "2484"]
[BlackElo "2512"]
[Result "0-1"]
[Round "04"]
[TimeControl "180+1"]
[Date "2022.02.01"]
[WhiteClock "0:00:19"]
[BlackClock "0:00:10"]

1. d4 Nf6 2. Nc3 d6 3. e4 g6 4. Bg5 Bg7 5. e5 Nfd7 6. exd6 cxd6 7. Nf3 Nc6 8. h3 a6 9. Bc4 b5 10. Bb3 h6 11. Bh4 g5 12. Bg3 Nb6 13. O-O Na5 14. Re1 O-O 15. Ne4 Bf5 16. c3 Nxb3 17. axb3 a5 18. Qe2 Qd7 19. Ned2 Rfe8 20. h4 g4 21. Nh2 h5 22. f3 gxf3 23. Qxf3 Bg6 24. Nhf1 a4 25. b4 e5 26. dxe5 dxe5 27. Ne4 Qc6 28. Rad1 Rad8 29. Rxd8 Rxd8 30. Nc5 Qxf3 31. gxf3 Nc4 32. Re2 Rd1 33. Kf2 Bf8 34. Ne3 Nxe3 35. Kxe3 f6 36. f4 Bh6 37. Kf3 Bf5 38. fxe5 Bg4+ 39. Kf2 Bxe2 40. Kxe2 Rd2+ 41. Kf3 fxe5 42. Bxe5 Rxb2 43. c4 Rc2 44. cxb5 Bg7 45. Bxg7 Kxg7 46. b6 Rc4 47. Na6 Rc6 48. b7 Rb6 49. b8=Q Rxb8 50. Nxb8 a3 51. Nc6 a2 52. Nd4 a1=Q 53. Nf5+ Kf6 54. Ne3 Qc3 55. Ke2 Kg7 56. Nf5+ Kh7 57. Ne3 Qxb4 58. Ng2 Qe4+ 59. Kf2 Kg6 60. Kg3 Kf5 61. Kh2 Kg4 0-1


[Site "https://www.chess.com"]

[Event "Titled Tuesday Blitz February 01 A 2022"]
[White "Khegay, Dmitriy"]
[Black "Hansen, Eric"]
[WhiteFideId "24153729"]
[BlackFideId "2606771"]
[WhiteElo "2669"]
[BlackElo "2953"]
[Result "0-1"]
[Round "04"]
[TimeControl "180+1"]
[Date "2022.02.01"]
[WhiteClock "0:00:24"]
[BlackClock "0:00:24"]

1. g3 d5 2. Bg2 Nf6 3. d3 c6 4. Nd2 e5 5. e4 Bd6 6. Ngf3 O-O 7. O-O Re8 8. b3 Nbd7 9. Bb2 Nf8 10. Re1 Ng6 11. exd5 cxd5 12. c4 d4 13. Ng5 Bf5 14. Nge4 Nxe4 15. Nxe4 Bb4 16. Rf1 a5 17. a3 Bf8 18. Re1 Qd7 19. Qd2 Bh3 20. Bh1 h6 21. b4 axb4 22. axb4 Rxa1 23. Bxa1 Qa4 24. Nc5 Bxc5 25. bxc5 Ra8 26. Bb2 Qb3 27. Bc1 Ra2 28. Qd1 Qb4 29. c6 bxc6 30. Bxc6 Bg4 31. f3 Bh3 32. Be4 Qb1 33. f4 Rc2 34. fxe5 Qa2 35. e6 Rg2+ 36. Kh1 Rxh2+ 37. Kg1 Qf2# 0-1


[Site "https://www.chess.com"]